 Dungeon Crawl Stone Soup version 0.25.1-2-g60ff931df9 (webtiles) character file.

Game seed: 16148182198231234933

29 DogServant the Shooter (level 3, 1/30 HPs)
             Began as a Centaur Hunter on Oct 15, 2020.
             Quit the game on level 2 of the Dungeon.
             The game lasted 00:01:12 (788 turns).

DogServant the Shooter (Centaur Hunter)              Turns: 788, Time: 00:01:12

Health: 1/30       AC:  5    Str: 15    XL:     3   Next: 1%
Magic:  3/3        EV:  9    Int: 10    God:
Gold:   111        SH:  0    Dex:  9    Spells: 2/2 levels left

rFire    . . .     SeeInvis .   a - +1 shortbow
rCold    . . .     Gourm    .   (shield currently unavailable)
rNeg     . . .     Faith    .   c - +1 leather armour
rPois    .         Spirit   .   (no helmet)
rElec    .         Reflect  .   (no cloak)
rCorr    .         Harm     .   (no gloves)
MR       .....                  (no barding)
Stlth    +.........             (no amulet)
HPRegen  0.10/turn              (no ring)
MPRegen  0.08/turn              (no ring)

@: lethally poisoned (1 -> -2), stab, very quick
A: large, hooves 3, deformed body, speed 2, tough skin 3
a: no special abilities


You were on level 2 of the Dungeon.
You were not hungry.

You visited 1 branch of the dungeon, and saw 2 of its levels.

You collected 111 gold pieces.

Inventory:

Hand Weapons
 a - a +1 shortbow (weapon)
 b - a +0 short sword
Missiles
 d - 33 arrows (quivered)
Armour
 c - a +1 leather armour (worn)
Scrolls
 i - 2 scrolls of blinking {unknown}
 j - a scroll of immolation {unknown}
 k - 3 scrolls of identify {unknown}
 m - a scroll of amnesia {unknown}
Comestibles
 f - 4 rations
 h - 5 chunks of flesh


   Skills:
 + Level 2.8 Fighting
 + Level 6.0 Bows
 - Level 1.3 Dodging
 - Level 0.4 Stealth


You had 2 spell levels left.
You didn't know any spells.
Your spell library was empty.

Dungeon Overview and Level Annotations

Branches:
Dungeon (2/15)

Altars:


Innate Abilities, Weirdness & Mutations

You have hooves in place of feet.
Armour fits poorly on your strangely shaped body.
You cover ground very quickly.
You have extremely tough skin. (AC +3)


Message History

You feel sick.
It was a potion of stabbing.
You feel ready to backstab.
As you read the scroll labeled BIKHLUHY QAOFRIM, it crumbles to dust.
You feel blessed for a moment.
It was a scroll of remove curse.
* * * LOW HITPOINT WARNING * * *
You feel sick.
As you read the scroll labeled COTALUNESI, it crumbles to dust.
It is a scroll of enchant armour.
Your +0 leather armour glows green for a moment.
Quiver which item? (- for none, * to show all) (? for menu, Esc to quit)
You don't have any such object.
Quiver which item? (- for none, * to show all) (? for menu, Esc to quit)
You don't have any such object.
Quiver which item? (- for none, * to show all) (? for menu, Esc to quit)
You don't have any such object.
Quiver which item? (- for none, * to show all) (? for menu, Esc to quit)
Okay, then.
There is a lethal amount of poison in your body!
Are you sure you want to abandon this character and quit the game? (Confirm with "yes".)

#.#.####
#.#....#
#.####.# ### #.#
♣♣♣♣♣♣ #.# .(♣..
#.# ♣(♣.♣#.#
♣(♣.'.# ♣@♣#.#
♣..♣#.# ♣♣♣♣#.#
#.# #.# #.# # .#
#..##.########
#......s.<.....#


There were no monsters in sight!

Vanquished Creatures
  An adder (D:2)
  A dart slug (D:1)
  4 goblins
  A hobgoblin (D:2)
  3 kobolds
  A quokka (D:2)
  3 bats
  3 rats (D:1)
17 creatures vanquished.

Notes
Turn   | Place    | Note
-------+----------+-------------------------------------------
     0 | D:1      | DogServant the Centaur Hunter began the quest for the Orb.
     0 | D:1      | Reached XP level 1. HP: 17/17 MP: 1/1
   332 | D:1      | Reached XP level 2. HP: 25/25 MP: 2/2
   602 | D:2      | Noticed a scorpion
   648 | D:2      | Found a faded altar of an unknown god.
   784 | D:2      | Reached skill level 6 in Bows
   784 | D:2      | Reached XP level 3. HP: 2/30 MP: 3/3
   784 | D:2      | HP: 1/30 [poisoned by an adder]
   788 | D:2      | Quit the game

Illustrated notes

Levels and vault maps discovered:
D:1:      psy_arrival_basics, layout_basic
D:2:      layout_loops_ring, gammafunk_temple_overflow_statue,
          chequers_ecumenical_altar_simple, kennysheep_generic_room_10

Skill      XL: |  1  2 |
---------------+-------+-----
Bows           | 6 |  6.0
Fighting       | |  2.8
Dodging        | |  1.3
Stealth        | |  0.4

Action                   || total
-------------------------++-------
Melee: Short sword       ||    41
       Kick              ||     4
 Fire: Shortbow          ||    19
  Use: Scroll            ||     2
       Potion            ||     1
Armor: Leather armour    ||    17
Dodge: Dodged            ||    30
